%YAML 1.1
%TAG !u! tag:unity3d.com,2011:
--- !u!1 &3758347148652437551
GameObject:
  m_ObjectHideFlags: 0
  m_CorrespondingSourceObject: {fileID: 0}
  m_PrefabInstance: {fileID: 0}
  m_PrefabAsset: {fileID: 0}
  serializedVersion: 6
  m_Component:
  - component: {fileID: 3758347148652437544}
  m_Layer: 0
  m_Name: Application Stage Scene
  m_TagString: Untagged
  m_Icon: {fileID: 0}
  m_NavMeshLayer: 0
  m_StaticEditorFlags: 0
  m_IsActive: 1
--- !u!4 &3758347148652437544
Transform:
  m_ObjectHideFlags: 0
  m_CorrespondingSourceObject: {fileID: 0}
  m_PrefabInstance: {fileID: 0}
  m_PrefabAsset: {fileID: 0}
  m_GameObject: {fileID: 3758347148652437551}
  m_LocalRotation: {x: 0, y: 0, z: 0, w: 1}
  m_LocalPosition: {x: -3.4915185, y: 0.5565213, z: -3.8413744}
  m_LocalScale: {x: 1, y: 1, z: 1}
  m_ConstrainProportionsScale: 0
  m_Children:
  - {fileID: 902694509364832593}
  - {fileID: 3758347148827375831}
  m_Father: {fileID: 0}
  m_RootOrder: 0
  m_LocalEulerAnglesHint: {x: 0, y: 0, z: 0}
--- !u!1001 &1800437491714565518
PrefabInstance:
  m_ObjectHideFlags: 0
  serializedVersion: 2
  m_Modification:
    m_TransformParent: {fileID: 3758347148652437544}
    m_Modifications:
    - target: {fileID: 506088275855196002, guid: 6da3485ff4bbe2943af5c0798452e693,
        type: 3}
      propertyPath: m_Mesh
      value: 
      objectReference: {fileID: 0}
    - target: {fileID: 506088275855196028, guid: 6da3485ff4bbe2943af5c0798452e693,
        type: 3}
      propertyPath: m_Mesh
      value: 
      objectReference: {fileID: 0}
    - target: {fileID: 506088275855196028, guid: 6da3485ff4bbe2943af5c0798452e693,
        type: 3}
      propertyPath: m_VersionIndex
      value: 966
      objectReference: {fileID: 0}
    - target: {fileID: 506088276534494316, guid: 6da3485ff4bbe2943af5c0798452e693,
        type: 3}
      propertyPath: m_Mesh
      value: 
      objectReference: {fileID: 0}
    - target: {fileID: 506088276534494316, guid: 6da3485ff4bbe2943af5c0798452e693,
        type: 3}
      propertyPath: m_VersionIndex
      value: 966
      objectReference: {fileID: 0}
    - target: {fileID: 506088276534494354, guid: 6da3485ff4bbe2943af5c0798452e693,
        type: 3}
      propertyPath: m_Mesh
      value: 
      objectReference: {fileID: 0}
    - target: {fileID: 1475900312300801246, guid: 6da3485ff4bbe2943af5c0798452e693,
        type: 3}
      propertyPath: m_Name
      value: Cube Matrix Preview
      objectReference: {fileID: 0}
    - target: {fileID: 1475900312300801247, guid: 6da3485ff4bbe2943af5c0798452e693,
        type: 3}
      propertyPath: m_RootOrder
      value: 0
      objectReference: {fileID: 0}
    - target: {fileID: 1475900312300801247, guid: 6da3485ff4bbe2943af5c0798452e693,
        type: 3}
      propertyPath: m_LocalPosition.x
      value: 1.4405184
      objectReference: {fileID: 0}
    - target: {fileID: 1475900312300801247, guid: 6da3485ff4bbe2943af5c0798452e693,
        type: 3}
      propertyPath: m_LocalPosition.y
      value: 0.23
      objectReference: {fileID: 0}
    - target: {fileID: 1475900312300801247, guid: 6da3485ff4bbe2943af5c0798452e693,
        type: 3}
      propertyPath: m_LocalPosition.z
      value: 5.2563744
      objectReference: {fileID: 0}
    - target: {fileID: 1475900312300801247, guid: 6da3485ff4bbe2943af5c0798452e693,
        type: 3}
      propertyPath: m_LocalRotation.w
      value: 0.92387956
      objectReference: {fileID: 0}
    - target: {fileID: 1475900312300801247, guid: 6da3485ff4bbe2943af5c0798452e693,
        type: 3}
      propertyPath: m_LocalRotation.x
      value: -0
      objectReference: {fileID: 0}
    - target: {fileID: 1475900312300801247, guid: 6da3485ff4bbe2943af5c0798452e693,
        type: 3}
      propertyPath: m_LocalRotation.y
      value: -0.38268343
      objectReference: {fileID: 0}
    - target: {fileID: 1475900312300801247, guid: 6da3485ff4bbe2943af5c0798452e693,
        type: 3}
      propertyPath: m_LocalRotation.z
      value: -0
      objectReference: {fileID: 0}
    - target: {fileID: 1475900312300801247, guid: 6da3485ff4bbe2943af5c0798452e693,
        type: 3}
      propertyPath: m_LocalEulerAnglesHint.x
      value: 0
      objectReference: {fileID: 0}
    - target: {fileID: 1475900312300801247, guid: 6da3485ff4bbe2943af5c0798452e693,
        type: 3}
      propertyPath: m_LocalEulerAnglesHint.y
      value: 0
      objectReference: {fileID: 0}
    - target: {fileID: 1475900312300801247, guid: 6da3485ff4bbe2943af5c0798452e693,
        type: 3}
      propertyPath: m_LocalEulerAnglesHint.z
      value: 0
      objectReference: {fileID: 0}
    - target: {fileID: 2548718556554040989, guid: 6da3485ff4bbe2943af5c0798452e693,
        type: 3}
      propertyPath: m_Mesh
      value: 
      objectReference: {fileID: 0}
    - target: {fileID: 2548718556554040991, guid: 6da3485ff4bbe2943af5c0798452e693,
        type: 3}
      propertyPath: m_Mesh
      value: 
      objectReference: {fileID: 0}
    - target: {fileID: 2548718556554040991, guid: 6da3485ff4bbe2943af5c0798452e693,
        type: 3}
      propertyPath: m_VersionIndex
      value: 969
      objectReference: {fileID: 0}
    - target: {fileID: 2548718556627122715, guid: 6da3485ff4bbe2943af5c0798452e693,
        type: 3}
      propertyPath: m_Mesh
      value: 
      objectReference: {fileID: 0}
    - target: {fileID: 2548718556627122717, guid: 6da3485ff4bbe2943af5c0798452e693,
        type: 3}
      propertyPath: m_Mesh
      value: 
      objectReference: {fileID: 0}
    - target: {fileID: 2548718556627122717, guid: 6da3485ff4bbe2943af5c0798452e693,
        type: 3}
      propertyPath: m_VersionIndex
      value: 966
      objectReference: {fileID: 0}
    - target: {fileID: 2548718556795059185, guid: 6da3485ff4bbe2943af5c0798452e693,
        type: 3}
      propertyPath: m_Mesh
      value: 
      objectReference: {fileID: 0}
    - target: {fileID: 2548718556795059187, guid: 6da3485ff4bbe2943af5c0798452e693,
        type: 3}
      propertyPath: m_Mesh
      value: 
      objectReference: {fileID: 0}
    - target: {fileID: 2548718556795059187, guid: 6da3485ff4bbe2943af5c0798452e693,
        type: 3}
      propertyPath: m_VersionIndex
      value: 969
      objectReference: {fileID: 0}
    - target: {fileID: 2548718557020694092, guid: 6da3485ff4bbe2943af5c0798452e693,
        type: 3}
      propertyPath: m_Mesh
      value: 
      objectReference: {fileID: 0}
    - target: {fileID: 2548718557020694094, guid: 6da3485ff4bbe2943af5c0798452e693,
        type: 3}
      propertyPath: m_Mesh
      value: 
      objectReference: {fileID: 0}
    - target: {fileID: 2548718557020694094, guid: 6da3485ff4bbe2943af5c0798452e693,
        type: 3}
      propertyPath: m_VersionIndex
      value: 969
      objectReference: {fileID: 0}
    - target: {fileID: 2548718557128521256, guid: 6da3485ff4bbe2943af5c0798452e693,
        type: 3}
      propertyPath: m_Mesh
      value: 
      objectReference: {fileID: 0}
    - target: {fileID: 2548718557128521256, guid: 6da3485ff4bbe2943af5c0798452e693,
        type: 3}
      propertyPath: m_VersionIndex
      value: 966
      objectReference: {fileID: 0}
    - target: {fileID: 2548718557128521430, guid: 6da3485ff4bbe2943af5c0798452e693,
        type: 3}
      propertyPath: m_Mesh
      value: 
      objectReference: {fileID: 0}
    - target: {fileID: 2548718557151685244, guid: 6da3485ff4bbe2943af5c0798452e693,
        type: 3}
      propertyPath: m_Mesh
      value: 
      objectReference: {fileID: 0}
    - target: {fileID: 2548718557151685246, guid: 6da3485ff4bbe2943af5c0798452e693,
        type: 3}
      propertyPath: m_Mesh
      value: 
      objectReference: {fileID: 0}
    - target: {fileID: 2548718557151685246, guid: 6da3485ff4bbe2943af5c0798452e693,
        type: 3}
      propertyPath: m_VersionIndex
      value: 969
      objectReference: {fileID: 0}
    - target: {fileID: 2548718557182800531, guid: 6da3485ff4bbe2943af5c0798452e693,
        type: 3}
      propertyPath: m_Mesh
      value: 
      objectReference: {fileID: 0}
    - target: {fileID: 2548718557182800533, guid: 6da3485ff4bbe2943af5c0798452e693,
        type: 3}
      propertyPath: m_Mesh
      value: 
      objectReference: {fileID: 0}
    - target: {fileID: 2548718557182800533, guid: 6da3485ff4bbe2943af5c0798452e693,
        type: 3}
      propertyPath: m_VersionIndex
      value: 966
      objectReference: {fileID: 0}
    - target: {fileID: 2548718557358386944, guid: 6da3485ff4bbe2943af5c0798452e693,
        type: 3}
      propertyPath: m_Mesh
      value: 
      objectReference: {fileID: 0}
    - target: {fileID: 2548718557358386944, guid: 6da3485ff4bbe2943af5c0798452e693,
        type: 3}
      propertyPath: m_VersionIndex
      value: 966
      objectReference: {fileID: 0}
    - target: {fileID: 2548718557358386958, guid: 6da3485ff4bbe2943af5c0798452e693,
        type: 3}
      propertyPath: m_Mesh
      value: 
      objectReference: {fileID: 0}
    - target: {fileID: 2548718557705312411, guid: 6da3485ff4bbe2943af5c0798452e693,
        type: 3}
      propertyPath: m_Mesh
      value: 
      objectReference: {fileID: 0}
    - target: {fileID: 2548718557705312413, guid: 6da3485ff4bbe2943af5c0798452e693,
        type: 3}
      propertyPath: m_Mesh
      value: 
      objectReference: {fileID: 0}
    - target: {fileID: 2548718557705312413, guid: 6da3485ff4bbe2943af5c0798452e693,
        type: 3}
      propertyPath: m_VersionIndex
      value: 966
      objectReference: {fileID: 0}
    - target: {fileID: 2548718558530816861, guid: 6da3485ff4bbe2943af5c0798452e693,
        type: 3}
      propertyPath: m_Mesh
      value: 
      objectReference: {fileID: 0}
    - target: {fileID: 2548718558530816863, guid: 6da3485ff4bbe2943af5c0798452e693,
        type: 3}
      propertyPath: m_Mesh
      value: 
      objectReference: {fileID: 0}
    - target: {fileID: 2548718558530816863, guid: 6da3485ff4bbe2943af5c0798452e693,
        type: 3}
      propertyPath: m_VersionIndex
      value: 966
      objectReference: {fileID: 0}
    m_RemovedComponents: []
  m_SourcePrefab: {fileID: 100100000, guid: 6da3485ff4bbe2943af5c0798452e693, type: 3}
--- !u!4 &902694509364832593 stripped
Transform:
  m_CorrespondingSourceObject: {fileID: 1475900312300801247, guid: 6da3485ff4bbe2943af5c0798452e693,
    type: 3}
  m_PrefabInstance: {fileID: 1800437491714565518}
  m_PrefabAsset: {fileID: 0}
--- !u!1001 &7561266449648993392
PrefabInstance:
  m_ObjectHideFlags: 0
  serializedVersion: 2
  m_Modification:
    m_TransformParent: {fileID: 3758347148652437544}
    m_Modifications:
    - target: {fileID: 49342168321248879, guid: 602ce59a240a80d41a6d11950e10c409,
        type: 3}
      propertyPath: m_AnchorMax.x
      value: 0.5
      objectReference: {fileID: 0}
    - target: {fileID: 49342168321248879, guid: 602ce59a240a80d41a6d11950e10c409,
        type: 3}
      propertyPath: m_AnchorMax.y
      value: 1
      objectReference: {fileID: 0}
    - target: {fileID: 49342168321248879, guid: 602ce59a240a80d41a6d11950e10c409,
        type: 3}
      propertyPath: m_AnchorMin.x
      value: 0.5
      objectReference: {fileID: 0}
    - target: {fileID: 1084005866133379379, guid: 602ce59a240a80d41a6d11950e10c409,
        type: 3}
      propertyPath: m_Mesh
      value: 
      objectReference: {fileID: 0}
    - target: {fileID: 1084005866133379533, guid: 602ce59a240a80d41a6d11950e10c409,
        type: 3}
      propertyPath: m_Mesh
      value: 
      objectReference: {fileID: 0}
    - target: {fileID: 1084005866133379533, guid: 602ce59a240a80d41a6d11950e10c409,
        type: 3}
      propertyPath: m_VersionIndex
      value: 931
      objectReference: {fileID: 0}
    - target: {fileID: 1084005866544521923, guid: 602ce59a240a80d41a6d11950e10c409,
        type: 3}
      propertyPath: m_Mesh
      value: 
      objectReference: {fileID: 0}
    - target: {fileID: 1084005866544521949, guid: 602ce59a240a80d41a6d11950e10c409,
        type: 3}
      propertyPath: m_Mesh
      value: 
      objectReference: {fileID: 0}
    - target: {fileID: 1084005866544521949, guid: 602ce59a240a80d41a6d11950e10c409,
        type: 3}
      propertyPath: m_VersionIndex
      value: 934
      objectReference: {fileID: 0}
    - target: {fileID: 1180725141698003425, guid: 602ce59a240a80d41a6d11950e10c409,
        type: 3}
      propertyPath: m_AnchorMax.y
      value: 1
      objectReference: {fileID: 0}
    - target: {fileID: 1266154263977290479, guid: 602ce59a240a80d41a6d11950e10c409,
        type: 3}
      propertyPath: m_AnchorMax.y
      value: 1
      objectReference: {fileID: 0}
    - target: {fileID: 1433390720041285772, guid: 602ce59a240a80d41a6d11950e10c409,
        type: 3}
      propertyPath: m_AnchorMax.x
      value: 0.5
      objectReference: {fileID: 0}
    - target: {fileID: 1433390720041285772, guid: 602ce59a240a80d41a6d11950e10c409,
        type: 3}
      propertyPath: m_AnchorMax.y
      value: 1
      objectReference: {fileID: 0}
    - target: {fileID: 1492201861324826331, guid: 602ce59a240a80d41a6d11950e10c409,
        type: 3}
      propertyPath: m_AnchorMax.y
      value: 1
      objectReference: {fileID: 0}
    - target: {fileID: 3074745270057130505, guid: 602ce59a240a80d41a6d11950e10c409,
        type: 3}
      propertyPath: m_AnchorMax.y
      value: 1
      objectReference: {fileID: 0}
    - target: {fileID: 3121006681569536887, guid: 602ce59a240a80d41a6d11950e10c409,
        type: 3}
      propertyPath: m_Mesh
      value: 
      objectReference: {fileID: 0}
    - target: {fileID: 3121006681569536905, guid: 602ce59a240a80d41a6d11950e10c409,
        type: 3}
      propertyPath: m_Mesh
      value: 
      objectReference: {fileID: 0}
    - target: {fileID: 3121006681569536905, guid: 602ce59a240a80d41a6d11950e10c409,
        type: 3}
      propertyPath: m_VersionIndex
      value: 934
      objectReference: {fileID: 0}
    - target: {fileID: 3121006681593296861, guid: 602ce59a240a80d41a6d11950e10c409,
        type: 3}
      propertyPath: m_Mesh
      value: 
      objectReference: {fileID: 0}
    - target: {fileID: 3121006681593296863, guid: 602ce59a240a80d41a6d11950e10c409,
        type: 3}
      propertyPath: m_Mesh
      value: 
      objectReference: {fileID: 0}
    - target: {fileID: 3121006681593296863, guid: 602ce59a240a80d41a6d11950e10c409,
        type: 3}
      propertyPath: m_VersionIndex
      value: 931
      objectReference: {fileID: 0}
    - target: {fileID: 3121006681691418418, guid: 602ce59a240a80d41a6d11950e10c409,
        type: 3}
      propertyPath: m_Mesh
      value: 
      objectReference: {fileID: 0}
    - target: {fileID: 3121006681691418420, guid: 602ce59a240a80d41a6d11950e10c409,
        type: 3}
      propertyPath: m_Mesh
      value: 
      objectReference: {fileID: 0}
    - target: {fileID: 3121006681691418420, guid: 602ce59a240a80d41a6d11950e10c409,
        type: 3}
      propertyPath: m_VersionIndex
      value: 934
      objectReference: {fileID: 0}
    - target: {fileID: 3121006681783218849, guid: 602ce59a240a80d41a6d11950e10c409,
        type: 3}
      propertyPath: m_Mesh
      value: 
      objectReference: {fileID: 0}
    - target: {fileID: 3121006681783218849, guid: 602ce59a240a80d41a6d11950e10c409,
        type: 3}
      propertyPath: m_VersionIndex
      value: 931
      objectReference: {fileID: 0}
    - target: {fileID: 3121006681783218863, guid: 602ce59a240a80d41a6d11950e10c409,
        type: 3}
      propertyPath: m_Mesh
      value: 
      objectReference: {fileID: 0}
    - target: {fileID: 3121006682052512572, guid: 602ce59a240a80d41a6d11950e10c409,
        type: 3}
      propertyPath: m_Mesh
      value: 
      objectReference: {fileID: 0}
    - target: {fileID: 3121006682052512574, guid: 602ce59a240a80d41a6d11950e10c409,
        type: 3}
      propertyPath: m_Mesh
      value: 
      objectReference: {fileID: 0}
    - target: {fileID: 3121006682052512574, guid: 602ce59a240a80d41a6d11950e10c409,
        type: 3}
      propertyPath: m_VersionIndex
      value: 931
      objectReference: {fileID: 0}
    - target: {fileID: 3121006682209085370, guid: 602ce59a240a80d41a6d11950e10c409,
        type: 3}
      propertyPath: m_Mesh
      value: 
      objectReference: {fileID: 0}
    - target: {fileID: 3121006682209085372, guid: 602ce59a240a80d41a6d11950e10c409,
        type: 3}
      propertyPath: m_Mesh
      value: 
      objectReference: {fileID: 0}
    - target: {fileID: 3121006682209085372, guid: 602ce59a240a80d41a6d11950e10c409,
        type: 3}
      propertyPath: m_VersionIndex
      value: 931
      objectReference: {fileID: 0}
    - target: {fileID: 3121006682309846608, guid: 602ce59a240a80d41a6d11950e10c409,
        type: 3}
      propertyPath: m_Mesh
      value: 
      objectReference: {fileID: 0}
    - target: {fileID: 3121006682309846610, guid: 602ce59a240a80d41a6d11950e10c409,
        type: 3}
      propertyPath: m_Mesh
      value: 
      objectReference: {fileID: 0}
    - target: {fileID: 3121006682309846610, guid: 602ce59a240a80d41a6d11950e10c409,
        type: 3}
      propertyPath: m_VersionIndex
      value: 934
      objectReference: {fileID: 0}
    - target: {fileID: 3121006682519370733, guid: 602ce59a240a80d41a6d11950e10c409,
        type: 3}
      propertyPath: m_Mesh
      value: 
      objectReference: {fileID: 0}
    - target: {fileID: 3121006682519370735, guid: 602ce59a240a80d41a6d11950e10c409,
        type: 3}
      propertyPath: m_Mesh
      value: 
      objectReference: {fileID: 0}
    - target: {fileID: 3121006682519370735, guid: 602ce59a240a80d41a6d11950e10c409,
        type: 3}
      propertyPath: m_VersionIndex
      value: 931
      objectReference: {fileID: 0}
    - target: {fileID: 3121006683022235388, guid: 602ce59a240a80d41a6d11950e10c409,
        type: 3}
      propertyPath: m_Mesh
      value: 
      objectReference: {fileID: 0}
    - target: {fileID: 3121006683022235390, guid: 602ce59a240a80d41a6d11950e10c409,
        type: 3}
      propertyPath: m_Mesh
      value: 
      objectReference: {fileID: 0}
    - target: {fileID: 3121006683022235390, guid: 602ce59a240a80d41a6d11950e10c409,
        type: 3}
      propertyPath: m_VersionIndex
      value: 931
      objectReference: {fileID: 0}
    - target: {fileID: 3121006683287799098, guid: 602ce59a240a80d41a6d11950e10c409,
        type: 3}
      propertyPath: m_Mesh
      value: 
      objectReference: {fileID: 0}
    - target: {fileID: 3121006683287799100, guid: 602ce59a240a80d41a6d11950e10c409,
        type: 3}
      propertyPath: m_Mesh
      value: 
      objectReference: {fileID: 0}
    - target: {fileID: 3121006683287799100, guid: 602ce59a240a80d41a6d11950e10c409,
        type: 3}
      propertyPath: m_VersionIndex
      value: 937
      objectReference: {fileID: 0}
    - target: {fileID: 3313101644707054686, guid: 602ce59a240a80d41a6d11950e10c409,
        type: 3}
      propertyPath: m_AnchorMax.x
      value: 0.5
      objectReference: {fileID: 0}
    - target: {fileID: 3313101644707054686, guid: 602ce59a240a80d41a6d11950e10c409,
        type: 3}
      propertyPath: m_AnchorMax.y
      value: 1
      objectReference: {fileID: 0}
    - target: {fileID: 3313101644707054686, guid: 602ce59a240a80d41a6d11950e10c409,
        type: 3}
      propertyPath: m_AnchorMin.x
      value: 0.5
      objectReference: {fileID: 0}
    - target: {fileID: 3349598836701560115, guid: 602ce59a240a80d41a6d11950e10c409,
        type: 3}
      propertyPath: m_AnchorMax.y
      value: 1
      objectReference: {fileID: 0}
    - target: {fileID: 3426295659078506045, guid: 602ce59a240a80d41a6d11950e10c409,
        type: 3}
      propertyPath: m_AnchorMax.y
      value: 1
      objectReference: {fileID: 0}
    - target: {fileID: 3495716353082949155, guid: 602ce59a240a80d41a6d11950e10c409,
        type: 3}
      propertyPath: matrixManager
      value: 
      objectReference: {fileID: 2601117885732959147}
    - target: {fileID: 4517569297720832701, guid: 602ce59a240a80d41a6d11950e10c409,
        type: 3}
      propertyPath: m_AnchorMax.x
      value: 0.5
      objectReference: {fileID: 0}
    - target: {fileID: 4517569297720832701, guid: 602ce59a240a80d41a6d11950e10c409,
        type: 3}
      propertyPath: m_AnchorMax.y
      value: 1
      objectReference: {fileID: 0}
    - target: {fileID: 5915982573078107260, guid: 602ce59a240a80d41a6d11950e10c409,
        type: 3}
      propertyPath: m_AnchorMax.x
      value: 0.5
      objectReference: {fileID: 0}
    - target: {fileID: 5915982573078107260, guid: 602ce59a240a80d41a6d11950e10c409,
        type: 3}
      propertyPath: m_AnchorMax.y
      value: 1
      objectReference: {fileID: 0}
    - target: {fileID: 6161701832571702120, guid: 602ce59a240a80d41a6d11950e10c409,
        type: 3}
      propertyPath: m_AnchorMax.x
      value: 0.5
      objectReference: {fileID: 0}
    - target: {fileID: 6161701832571702120, guid: 602ce59a240a80d41a6d11950e10c409,
        type: 3}
      propertyPath: m_AnchorMax.y
      value: 1
      objectReference: {fileID: 0}
    - target: {fileID: 6685407931141703719, guid: 602ce59a240a80d41a6d11950e10c409,
        type: 3}
      propertyPath: playPauseDirector
      value: 
      objectReference: {fileID: 0}
    - target: {fileID: 6685407931584892138, guid: 602ce59a240a80d41a6d11950e10c409,
        type: 3}
      propertyPath: m_AnchorMax.x
      value: 0
      objectReference: {fileID: 0}
    - target: {fileID: 6685407931584892138, guid: 602ce59a240a80d41a6d11950e10c409,
        type: 3}
      propertyPath: m_AnchorMax.y
      value: 0
      objectReference: {fileID: 0}
    - target: {fileID: 6685407931584892138, guid: 602ce59a240a80d41a6d11950e10c409,
        type: 3}
      propertyPath: m_AnchorMin.x
      value: 0
      objectReference: {fileID: 0}
    - target: {fileID: 6685407932174844872, guid: 602ce59a240a80d41a6d11950e10c409,
        type: 3}
      propertyPath: m_AnchorMax.x
      value: 0
      objectReference: {fileID: 0}
    - target: {fileID: 6685407932174844872, guid: 602ce59a240a80d41a6d11950e10c409,
        type: 3}
      propertyPath: m_AnchorMax.y
      value: 0
      objectReference: {fileID: 0}
    - target: {fileID: 6685407932229450918, guid: 602ce59a240a80d41a6d11950e10c409,
        type: 3}
      propertyPath: m_Name
      value: Solar System Scenario
      objectReference: {fileID: 0}
    - target: {fileID: 6685407932229450918, guid: 602ce59a240a80d41a6d11950e10c409,
        type: 3}
      propertyPath: m_IsActive
      value: 0
      objectReference: {fileID: 0}
    - target: {fileID: 6685407932229450919, guid: 602ce59a240a80d41a6d11950e10c409,
        type: 3}
      propertyPath: m_RootOrder
      value: 1
      objectReference: {fileID: 0}
    - target: {fileID: 6685407932229450919, guid: 602ce59a240a80d41a6d11950e10c409,
        type: 3}
      propertyPath: m_LocalPosition.x
      value: 0.6475184
      objectReference: {fileID: 0}
    - target: {fileID: 6685407932229450919, guid: 602ce59a240a80d41a6d11950e10c409,
        type: 3}
      propertyPath: m_LocalPosition.y
      value: -0.1975213
      objectReference: {fileID: 0}
    - target: {fileID: 6685407932229450919, guid: 602ce59a240a80d41a6d11950e10c409,
        type: 3}
      propertyPath: m_LocalPosition.z
      value: 4.811374
      objectReference: {fileID: 0}
    - target: {fileID: 6685407932229450919, guid: 602ce59a240a80d41a6d11950e10c409,
        type: 3}
      propertyPath: m_LocalRotation.w
      value: 1
      objectReference: {fileID: 0}
    - target: {fileID: 6685407932229450919, guid: 602ce59a240a80d41a6d11950e10c409,
        type: 3}
      propertyPath: m_LocalRotation.x
      value: -0
      objectReference: {fileID: 0}
    - target: {fileID: 6685407932229450919, guid: 602ce59a240a80d41a6d11950e10c409,
        type: 3}
      propertyPath: m_LocalRotation.y
      value: -0
      objectReference: {fileID: 0}
    - target: {fileID: 6685407932229450919, guid: 602ce59a240a80d41a6d11950e10c409,
        type: 3}
      propertyPath: m_LocalRotation.z
      value: -0
      objectReference: {fileID: 0}
    - target: {fileID: 6685407932229450919, guid: 602ce59a240a80d41a6d11950e10c409,
        type: 3}
      propertyPath: m_LocalEulerAnglesHint.x
      value: 0
      objectReference: {fileID: 0}
    - target: {fileID: 6685407932229450919, guid: 602ce59a240a80d41a6d11950e10c409,
        type: 3}
      propertyPath: m_LocalEulerAnglesHint.y
      value: 0
      objectReference: {fileID: 0}
    - target: {fileID: 6685407932229450919, guid: 602ce59a240a80d41a6d11950e10c409,
        type: 3}
      propertyPath: m_LocalEulerAnglesHint.z
      value: 0
      objectReference: {fileID: 0}
    - target: {fileID: 6747171538315336014, guid: 602ce59a240a80d41a6d11950e10c409,
        type: 3}
      propertyPath: onHasRotation.m_PersistentCalls.m_Calls.Array.data[0].m_Target
      value: 
      objectReference: {fileID: 0}
    - target: {fileID: 6747171538315336014, guid: 602ce59a240a80d41a6d11950e10c409,
        type: 3}
      propertyPath: onHasNoRotation.m_PersistentCalls.m_Calls.Array.data[0].m_Target
      value: 
      objectReference: {fileID: 0}
    - target: {fileID: 6747171538315336014, guid: 602ce59a240a80d41a6d11950e10c409,
        type: 3}
      propertyPath: onPlacedInCoordinateSystem.m_PersistentCalls.m_Calls.Array.data[0].m_Target
      value: 
      objectReference: {fileID: 0}
    - target: {fileID: 6747171538315336014, guid: 602ce59a240a80d41a6d11950e10c409,
        type: 3}
      propertyPath: onRemovedFromCoordinateSystem.m_PersistentCalls.m_Calls.Array.data[0].m_Target
      value: 
      objectReference: {fileID: 0}
    - target: {fileID: 7027277859076002393, guid: 602ce59a240a80d41a6d11950e10c409,
        type: 3}
      propertyPath: onCorrectSunEarthRatio.m_PersistentCalls.m_Calls.Array.data[0].m_Target
      value: 
      objectReference: {fileID: 0}
    - target: {fileID: 7027277859076002393, guid: 602ce59a240a80d41a6d11950e10c409,
        type: 3}
      propertyPath: onIncorrectSunEarthRatio.m_PersistentCalls.m_Calls.Array.data[0].m_Target
      value: 
      objectReference: {fileID: 0}
    - target: {fileID: 7027277859076002393, guid: 602ce59a240a80d41a6d11950e10c409,
        type: 3}
      propertyPath: onPlacedInCoordinateSystem.m_PersistentCalls.m_Calls.Array.data[0].m_Target
      value: 
      objectReference: {fileID: 0}
    - target: {fileID: 7027277859076002393, guid: 602ce59a240a80d41a6d11950e10c409,
        type: 3}
      propertyPath: onRemovedFromCoordinateSystem.m_PersistentCalls.m_Calls.Array.data[0].m_Target
      value: 
      objectReference: {fileID: 0}
    - target: {fileID: 7027277859076002393, guid: 602ce59a240a80d41a6d11950e10c409,
        type: 3}
      propertyPath: onCorrectEarthRotationAndTranslation.m_PersistentCalls.m_Calls.Array.data[0].m_Target
      value: 
      objectReference: {fileID: 0}
    - target: {fileID: 7027277859076002393, guid: 602ce59a240a80d41a6d11950e10c409,
        type: 3}
      propertyPath: onIncorrectEarthRotationAndTranslation.m_PersistentCalls.m_Calls.Array.data[0].m_Target
      value: 
      objectReference: {fileID: 0}
    - target: {fileID: 7231528669429509943, guid: 602ce59a240a80d41a6d11950e10c409,
        type: 3}
      propertyPath: matrixManager
      value: 
      objectReference: {fileID: 7788451273850245398}
    - target: {fileID: 7292196672174348648, guid: 602ce59a240a80d41a6d11950e10c409,
        type: 3}
      propertyPath: onCorrectMoon.m_PersistentCalls.m_Calls.Array.data[0].m_Target
      value: 
      objectReference: {fileID: 0}
    - target: {fileID: 7292196672174348648, guid: 602ce59a240a80d41a6d11950e10c409,
        type: 3}
      propertyPath: onIncorrectMoon.m_PersistentCalls.m_Calls.Array.data[0].m_Target
      value: 
      objectReference: {fileID: 0}
    - target: {fileID: 7292196672174348648, guid: 602ce59a240a80d41a6d11950e10c409,
        type: 3}
      propertyPath: onPlacedInCoordinateSystem.m_PersistentCalls.m_Calls.Array.data[0].m_Target
      value: 
      objectReference: {fileID: 0}
    - target: {fileID: 7292196672174348648, guid: 602ce59a240a80d41a6d11950e10c409,
        type: 3}
      propertyPath: onRemovedFromCoordinateSystem.m_PersistentCalls.m_Calls.Array.data[0].m_Target
      value: 
      objectReference: {fileID: 0}
    - target: {fileID: 7754123288433883066, guid: 602ce59a240a80d41a6d11950e10c409,
        type: 3}
      propertyPath: m_AnchorMax.x
      value: 0.5
      objectReference: {fileID: 0}
    - target: {fileID: 7754123288433883066, guid: 602ce59a240a80d41a6d11950e10c409,
        type: 3}
      propertyPath: m_AnchorMax.y
      value: 1
      objectReference: {fileID: 0}
    - target: {fileID: 7754123288433883066, guid: 602ce59a240a80d41a6d11950e10c409,
        type: 3}
      propertyPath: m_AnchorMin.x
      value: 0.5
      objectReference: {fileID: 0}
    - target: {fileID: 7784234366042433710, guid: 602ce59a240a80d41a6d11950e10c409,
        type: 3}
      propertyPath: m_AnchorMax.x
      value: 0.5
      objectReference: {fileID: 0}
    - target: {fileID: 7784234366042433710, guid: 602ce59a240a80d41a6d11950e10c409,
        type: 3}
      propertyPath: m_AnchorMax.y
      value: 1
      objectReference: {fileID: 0}
    - target: {fileID: 7784234366042433710, guid: 602ce59a240a80d41a6d11950e10c409,
        type: 3}
      propertyPath: m_AnchorMin.x
      value: 0.5
      objectReference: {fileID: 0}
    - target: {fileID: 7806030918711929148, guid: 602ce59a240a80d41a6d11950e10c409,
        type: 3}
      propertyPath: xSliderRotation
      value: 
      objectReference: {fileID: 6279234063040192663}
    - target: {fileID: 7806030918711929148, guid: 602ce59a240a80d41a6d11950e10c409,
        type: 3}
      propertyPath: ySliderRotation
      value: 
      objectReference: {fileID: 6279234063885880039}
    - target: {fileID: 7806030918711929148, guid: 602ce59a240a80d41a6d11950e10c409,
        type: 3}
      propertyPath: zSliderRotation
      value: 
      objectReference: {fileID: 6279234064709290270}
    - target: {fileID: 7806030918711929148, guid: 602ce59a240a80d41a6d11950e10c409,
        type: 3}
      propertyPath: xSliderTranslation
      value: 
      objectReference: {fileID: 287272283777888643}
    - target: {fileID: 7806030918711929148, guid: 602ce59a240a80d41a6d11950e10c409,
        type: 3}
      propertyPath: ySliderTranslation
      value: 
      objectReference: {fileID: 287272283001396211}
    - target: {fileID: 7806030918711929148, guid: 602ce59a240a80d41a6d11950e10c409,
        type: 3}
      propertyPath: zSliderTranslation
      value: 
      objectReference: {fileID: 287272283870451722}
    m_RemovedComponents:
    - {fileID: 5507394518611672526, guid: 602ce59a240a80d41a6d11950e10c409, type: 3}
    - {fileID: 2133226587, guid: 602ce59a240a80d41a6d11950e10c409, type: 3}
  m_SourcePrefab: {fileID: 100100000, guid: 602ce59a240a80d41a6d11950e10c409, type: 3}
--- !u!114 &287272283001396211 stripped
MonoBehaviour:
  m_CorrespondingSourceObject: {fileID: 7715681392120913795, guid: 602ce59a240a80d41a6d11950e10c409,
    type: 3}
  m_PrefabInstance: {fileID: 7561266449648993392}
  m_PrefabAsset: {fileID: 0}
  m_GameObject: {fileID: 0}
  m_Enabled: 1
  m_EditorHideFlags: 0
  m_Script: {fileID: 11500000, guid: 67db9e8f0e2ae9c40bc1e2b64352a6b4, type: 3}
  m_Name: 
  m_EditorClassIdentifier: 
--- !u!114 &287272283777888643 stripped
MonoBehaviour:
  m_CorrespondingSourceObject: {fileID: 7715681392952948211, guid: 602ce59a240a80d41a6d11950e10c409,
    type: 3}
  m_PrefabInstance: {fileID: 7561266449648993392}
  m_PrefabAsset: {fileID: 0}
  m_GameObject: {fileID: 0}
  m_Enabled: 1
  m_EditorHideFlags: 0
  m_Script: {fileID: 11500000, guid: 67db9e8f0e2ae9c40bc1e2b64352a6b4, type: 3}
  m_Name: 
  m_EditorClassIdentifier: 
--- !u!114 &287272283870451722 stripped
MonoBehaviour:
  m_CorrespondingSourceObject: {fileID: 7715681391266077818, guid: 602ce59a240a80d41a6d11950e10c409,
    type: 3}
  m_PrefabInstance: {fileID: 7561266449648993392}
  m_PrefabAsset: {fileID: 0}
  m_GameObject: {fileID: 0}
  m_Enabled: 1
  m_EditorHideFlags: 0
  m_Script: {fileID: 11500000, guid: 67db9e8f0e2ae9c40bc1e2b64352a6b4, type: 3}
  m_Name: 
  m_EditorClassIdentifier: 
--- !u!114 &2601117885732959147 stripped
MonoBehaviour:
  m_CorrespondingSourceObject: {fileID: 5545625668050450395, guid: 602ce59a240a80d41a6d11950e10c409,
    type: 3}
  m_PrefabInstance: {fileID: 7561266449648993392}
  m_PrefabAsset: {fileID: 0}
  m_GameObject: {fileID: 0}
  m_Enabled: 1
  m_EditorHideFlags: 0
  m_Script: {fileID: 11500000, guid: 98444268568137c49b3bd270c7b28b41, type: 3}
  m_Name: 
  m_EditorClassIdentifier: 
--- !u!1 &3758347148651860699 stripped
GameObject:
  m_CorrespondingSourceObject: {fileID: 6685407932421985963, guid: 602ce59a240a80d41a6d11950e10c409,
    type: 3}
  m_PrefabInstance: {fileID: 7561266449648993392}
  m_PrefabAsset: {fileID: 0}
--- !u!114 &4931373170931699100
MonoBehaviour:
  m_ObjectHideFlags: 0
  m_CorrespondingSourceObject: {fileID: 0}
  m_PrefabInstance: {fileID: 0}
  m_PrefabAsset: {fileID: 0}
  m_GameObject: {fileID: 3758347148651860699}
  m_Enabled: 1
  m_EditorHideFlags: 0
  m_Script: {fileID: 11500000, guid: ae07eff5cb242fc479fe5d58ea571068, type: 3}
  m_Name: 
  m_EditorClassIdentifier: 
  onMouseClick:
    m_PersistentCalls:
      m_Calls: []
  onMouseEnter:
    m_PersistentCalls:
      m_Calls: []
  onMouseLeave:
    m_PersistentCalls:
      m_Calls: []
  onMouseDown:
    m_PersistentCalls:
      m_Calls: []
  onMouseUp:
    m_PersistentCalls:
      m_Calls: []
--- !u!4 &3758347148827375831 stripped
Transform:
  m_CorrespondingSourceObject: {fileID: 6685407932229450919, guid: 602ce59a240a80d41a6d11950e10c409,
    type: 3}
  m_PrefabInstance: {fileID: 7561266449648993392}
  m_PrefabAsset: {fileID: 0}
--- !u!114 &6279234063040192663 stripped
MonoBehaviour:
  m_CorrespondingSourceObject: {fileID: 4596857844667737319, guid: 602ce59a240a80d41a6d11950e10c409,
    type: 3}
  m_PrefabInstance: {fileID: 7561266449648993392}
  m_PrefabAsset: {fileID: 0}
  m_GameObject: {fileID: 0}
  m_Enabled: 1
  m_EditorHideFlags: 0
  m_Script: {fileID: 11500000, guid: 67db9e8f0e2ae9c40bc1e2b64352a6b4, type: 3}
  m_Name: 
  m_EditorClassIdentifier: 
--- !u!114 &6279234063885880039 stripped
MonoBehaviour:
  m_CorrespondingSourceObject: {fileID: 4596857845434748567, guid: 602ce59a240a80d41a6d11950e10c409,
    type: 3}
  m_PrefabInstance: {fileID: 7561266449648993392}
  m_PrefabAsset: {fileID: 0}
  m_GameObject: {fileID: 0}
  m_Enabled: 1
  m_EditorHideFlags: 0
  m_Script: {fileID: 11500000, guid: 67db9e8f0e2ae9c40bc1e2b64352a6b4, type: 3}
  m_Name: 
  m_EditorClassIdentifier: 
--- !u!114 &6279234064709290270 stripped
MonoBehaviour:
  m_CorrespondingSourceObject: {fileID: 4596857844626607470, guid: 602ce59a240a80d41a6d11950e10c409,
    type: 3}
  m_PrefabInstance: {fileID: 7561266449648993392}
  m_PrefabAsset: {fileID: 0}
  m_GameObject: {fileID: 0}
  m_Enabled: 1
  m_EditorHideFlags: 0
  m_Script: {fileID: 11500000, guid: 67db9e8f0e2ae9c40bc1e2b64352a6b4, type: 3}
  m_Name: 
  m_EditorClassIdentifier: 
--- !u!114 &7788451273850245398 stripped
MonoBehaviour:
  m_CorrespondingSourceObject: {fileID: 358353849362158950, guid: 602ce59a240a80d41a6d11950e10c409,
    type: 3}
  m_PrefabInstance: {fileID: 7561266449648993392}
  m_PrefabAsset: {fileID: 0}
  m_GameObject: {fileID: 0}
  m_Enabled: 1
  m_EditorHideFlags: 0
  m_Script: {fileID: 11500000, guid: 98444268568137c49b3bd270c7b28b41, type: 3}
  m_Name: 
  m_EditorClassIdentifier: 
